 Dungeon Crawl Stone Soup version 0.16-a0-3134-g9b1347a (webtiles) character file.

437 PolkaDot the Caller (level 6, -13/46 HPs)
             Began as a Vampire Summoner on Dec 14, 2014.
             Was an Initiate of Sif Muna.
             Mangled by Prince Ribbit (18 damage)
             ... on level 5 of the Dungeon.
             The game lasted 00:14:55 (5123 turns).

PolkaDot the Caller (Vampire Summoner)              Turns: 5123, Time: 00:14:55

Health: -13/46     AC:  4    Str:  7    XL:     6   Next: 69%
Magic:  1/10       EV: 12    Int: 19    God:    Sif Muna [......]
Gold:   239        SH:  0    Dex: 14    Spells: 3 memorised, 0 levels left

rFire  + . .     SeeInvis +     n - -1 quarterstaff (curse)
rCold  + . .     Clarity  .     c - +1 leather armour {rC+}
rNeg   . . .     SustAb   .     (no shield)
rPois  .         Gourm    .     (no helmet)
rElec  .         Spirit   .     (no cloak)
rCorr  .         Warding  .     (no gloves)
rMut   .         Stasis   .     (no boots)
MR     .....                    l - amulet of faith
Stlth  ++........               (no ring)
                                f - ring of protection from fire

@: very slightly contaminated, regenerating quickly, not resistant to hostile
enchantments, unstealthy
A: bottle blood, claws 1, fangs 3, see invisible, mutation resistance 1,
unbreathing
a: Renounce Religion


You were on level 5 of the Dungeon.
You worshipped Sif Muna.
Sif Muna was noncommittal.
You were full.

You visited 1 branch of the dungeon, and saw 5 of its levels.

You collected 239 gold pieces.

Inventory:

Hand weapons
 n - a cursed -1 quarterstaff (weapon)
Armour
 a - a +0 robe
 c - a +1 leather armour of cold resistance (worn)
 g - a +0 leather armour
Jewellery
 f - a ring of protection from fire (left claw)
 l - an amulet of faith (around neck)
Magical devices
 k - a wand of confusion (32)
Scrolls
 j - 2 scrolls of identify
 m - a scroll of magic mapping
Potions
 i - 2 potions of cure mutation {!q}
Books
 b - a book of Callings

   Spells                             Type                      Level
   a - Summon Small Mammal            Summoning                    1
   b - Call Imp                       Summoning                    2
   c - Call Canine Familiar           Summoning                    3
   d - Summon Guardian Golem          Hexes/Summoning              4
   e - Summon Lightning Spire         Summoning/Air                4
   f - Summon Ice Beast               Ice/Summoning                4


   Skills:
 - Level 2.4 Fighting
   Level 4.3 Short Blades
 + Level 0.7 Staves
 - Level 1.0 Armour
 - Level 2.1 Dodging
 - Level 3.0 Stealth
 - Level 2.1 Spellcasting
 * Level 5.6 Summonings
 + Level 0.8 Ice Magic


You couldn't memorise any spells.
You knew the following spells:

 Your Spells              Type           Power        Failure   Level  Hunger
d - Call Canine Familiar  Summ           ###.....     6%          3    ###....
i - Summon Ice Beast      Ice/Summ       ##......     50%         4    #####..
s - Call Imp              Summ           ###.....     2%          2    ##.....


Dungeon Overview and Level Annotations

Branches:
Dungeon (5/15)
 Temple: D:4-7

Altars:
Dithmenos
Elyvilon
Makhleb
Sif Muna
Trog
The Shining One

Annotations:
D:5 Prince Ribbit


Innate Abilities, Weirdness & Mutations

Your natural rate of healing is unusually fast.
You can bottle blood from corpses.
You have razor-sharp teeth.
You have supernaturally acute eyesight.
You can survive without breathing.
You have sharp fingernails.
You are somewhat resistant to further mutation.


Message History

Your hound completely misses Prince Ribbit.
Prince Ribbit hits you.
* * * LOW HITPOINT WARNING * * *
Your hound completely misses Prince Ribbit.
Prince Ribbit hits your hound!
Your hound misses Prince Ribbit.
Drink which item? (? for menu, Esc to quit)
Okay, then.
Unknown command.
Read which item? (? for menu, Esc to quit)
Okay, then.
Unknown command.
Unknown command.
Prince Ribbit hits your hound!!
Your hound dies!
Your hound's corpse disappears in a puff of smoke!
Casting: Call Canine Familiar
Confirm with . or Enter, or press ? or * to list all spells.
You don't know that spell.
Prince Ribbit hits you!!
You die...

#..# ### ####§.#
#.# #. ..§...#
#.# #.# ..§...##
#.####.#
.......####.##..#
..§............#
..####.........##
###
#######..<.### #
#...F@.# ###
##.#####
.5######## ###
)).......##
#.##.......
#5..##...?..
#.....##..
#..##...##.
#..........


You could see Prince Ribbit.

Vanquished Creatures
  2 phantoms (D:4)
  2 hounds
  2 worker ants (D:5)
  6 adders
  A giant mite (D:4)
  4 worms
  3 giant geckos
  An ooze (D:2)
  9 bats
  A bat skeleton (D:4)
  A giant cockroach (D:4)
  4 hobgoblins
  4 jackals (D:2)
  8 kobolds
  2 quokkas
  3 giant newts
  5 goblins
  11 rats
69 creatures vanquished.

Vanquished Creatures (collateral kills)
  Blork the orc (D:5)
  3 adders (D:2)
  A worm (D:2)
  A giant gecko (D:1)
  A hobgoblin (D:1)
  A kobold (D:2)
  2 quokkas
  2 bats
  A giant gecko skeleton (D:4)
  2 goblins
  5 rats
20 creatures vanquished.

Vanquished Creatures (others)
  A crimson imp (D:5)
  2 hounds (D:5)
  A shadow imp (D:2)
  2 bats (D:2)
  3 rats (D:2)
9 creatures vanquished.

Grand Total: 98 creatures vanquished

Notes
Turn   | Place    | Note
--------------------------------------------------------------
     0 | D:1      | PolkaDot, the Vampire Summoner, began the quest for the Orb.
     0 | D:1      | Reached XP level 1. HP: 13/13 MP: 3/3
   200 | D:1      | Reached skill level 1 in Fighting
   389 | D:1      | Reached XP level 2. HP: 9/21 MP: 0/4
  1321 | D:2      | Learned a level 2 spell: Call Imp
  1463 | D:2      | Found a glowing golden altar of the Shining One.
  1674 | D:2      | HP: 1/22 [quokka (5)]
  1675 | D:2      | Reached XP level 3. HP: 1/27 MP: 6/6
  1820 | D:2      | Found a bloodstained altar of Trog.
  2077 | D:2      | Reached skill level 1 in Armour
  2173 | D:2      | Learned a level 3 spell: Call Canine Familiar
  2207 | D:2      | Reached skill level 1 in Short Blades
  2459 | D:2      | Found a deep blue altar of Sif Muna.
  2462 | D:2      | Became a worshipper of Sif Muna the Loreminder
  2546 | D:2      | Reached XP level 4. HP: 30/34 MP: 7/7
  3310 | D:3      | Found a burning altar of Makhleb.
  3476 | D:4      | Noticed a phantom
  3494 | D:4      | Gained mutation: You are somewhat resistant to further mutation. [potion of mutation]
  3494 | D:4      | Gained mutation: You have sharp fingernails. [potion of mutation]
  3518 | D:4      | Killed a phantom
  3518 | D:4      | Reached XP level 5. HP: 25/39 MP: 3/9
  4181 | D:4      | Noticed a phantom
  4220 | D:4      | Killed a phantom
  4220 | D:4      | Reached skill level 5 in Summonings
  4220 | D:4      | Reached XP level 6. HP: 25/46 MP: 3/10
  4495 | D:4      | Learned a level 4 spell: Summon Ice Beast
  4573 | D:4      | Noticed a moth of wrath
  4575 | D:4      | Found a bloodstained altar of Trog.
  4790 | D:4      | Found a white marble altar of Elyvilon.
  4790 | D:4      | Found a shadowy altar of Dithmenos.
  4807 | D:5      | Entered Level 5 of the Dungeon
  4846 | D:5      | Noticed Blork the orc
  4858 | D:5      | Killed Blork the orc
  5082 | D:5      | Noticed Prince Ribbit
  5123 | D:5      | Mangled by Prince Ribbit

Action                   |  1- 3 |  4- 6 || total
-------------------------+-------+-------++-------
Melee: Unarmed           |   165 |       ||   165
       Rapier            |    34 |   163 ||   197
       Quarterstaff      |       |    56 ||    56
 Cast: Summon Small Mamm |    15 |       ||    15
       Call Imp          |    11 |    10 ||    21
       Call Canine Famil |     1 |     6 ||     7
Evoke: Wand              |       |     1 ||     1
  Use: Potion            |     3 |     7 ||    10
       Scroll            |     2 |     5 ||     7
 Stab: Sleeping          |     8 |     3 ||    11
       Distracted        |       |     1 ||     1
       Confused          |       |     1 ||     1
  Eat: Corpse            |    14 |    16 ||    30
